 Dungeon Crawl Stone Soup version 0.28.0-62-gf88900778d (webtiles) character file.

Game seed: 15483799099238843674

3 Gumption the Sneak (level 1, 0/9 HPs)
             Began as a Spriggan Enchanter on Nov 17, 2023.
             Succumbed to a kobold's poison
             ... on level 1 of the Dungeon.
             The game lasted 00:03:30 (299 turns).

Gumption the Sneak (Spriggan Enchanter)              Turns: 299, Time: 00:03:30

Health: 0/9        AC:  2    Str:  4    XL:     1   Next: 41%
Magic:  5/5        EV: 17    Int: 16    God:
Gold:   0          SH:  0    Dex: 15    Spells: 5/5 levels left

rFire   . . .      SeeInvis +   a - +1 dagger
rCold   . . .      Faith    .   (no shield)
rNeg    . . .      Spirit   .   b - +0 robe
rPois   .          Reflect  .   (helmet restricted)
rElec   .          Harm     .   (no cloak)
rCorr   .          Rampage  .   (gloves unavailable)
Will    .....                   (boots unavailable)
Stlth   +++.......              (no amulet)
HPRegen 0.03/turn               (no ring)
MPRegen 0.09/turn               (no ring)

@: lethally poisoned (0 -> -11), very quick
A: very small, no large weapons, unfitting armour, see invisible, speed 3
a: no special abilities


You were on level 1 of the Dungeon.
You visited 1 branch of the dungeon, and saw 1 of its levels.

Inventory:

Hand Weapons
 a - a +1 dagger (weapon)
Armour
 b - a +0 robe (worn)
Scrolls
 d - a scroll of vulnerability {unknown}
Potions
 c - a potion of invisibility


   Skills:
 * Level 1.2 Short Blades
 + Level 2.7 Dodging
 + Level 4.4 Stealth
 + Level 2.7 Spellcasting
 * Level 3.7 Hexes


You had 5 spell levels left.
You didn't know any spells.
Your spell library contained the following spells:

 Spells                   Type           Power      Damage    Failure   Level
 Confusing Touch          Hex            14%        N/A       12%         3
 Tukima's Dance           Hex            14%        N/A       12%         3
 Ensorcelled Hibernation  Hex/Ice        16%        N/A       14%         2
 Dazzling Flash           Conj/Hex       16%        N/A       26%         3


Dungeon Overview and Level Annotations

Branches:
Dungeon (1/15)

Altars:


Innate Abilities, Weirdness & Mutations

You are very small and have problems with some larger weapons.
You are too small for most types of armour.
You have supernaturally acute eyesight. (SInv)
You cover ground extremely quickly. (Speed+++)


Message History

Found a scroll labelled JASUACI ZIJUMU.
A ball python comes into view.
The bat misses you. The bat barely misses you.
An endoplasm and a frilled lizard come into view.
The endoplasm quivers.
The bat hits you but does no damage. The bat completely misses you.
Found 18 stones.
The bat closely misses you. The bat closely misses you.
The bat barely misses you.
The frilled lizard hisses angrily.
The endoplasm jiggles.
The bat closely misses you.
Found a faded altar of an unknown god.
The bat misses you. The frilled lizard bites you.
* * * LOW HITPOINT WARNING * * *
The bat hits you but does no damage. The bat hits you.
* * * LOW HITPOINT WARNING * * *
3 jackals come into view.
A bat comes into view.
The jackal barks!
The bat closely misses you. The rat misses you.
A ball python comes into view.
Found a robe.
The goblin shouts!
The ball python moves out of view.
The ball python hisses angrily.
Found a stone staircase leading down.
Found a stone staircase leading down.
A kobold comes into view.
It is wielding a +0 short sword and quivering poisoned darts.
The kobold shouts!
The kobold throws a poisoned dart.
The poisoned dart closely misses you.
A goblin comes into view. It is wielding a +0 club.
The kobold throws a poisoned dart.
The poisoned dart hits you!
You are lethally poisoned!
You die...

....##.....#.##..#....g.[#..##.#
....##.#.#...##..#'#######..# #
.#...#.#.r...##....g.....)..#
.#.#.B.......##.............#
....r..S.....##########g#####
B...g........### ##.#
................## #..#
.S.#.............#####.##
...#............@...#..#
...#..................##
..[........#.>........#
.###.......#..........# ##
#..................# #
#.#.####..........# .... .. .
..#...K>...... ...# ..
..#..g...l.... ..h.. ....g......


You could see a goblin (wandering), a kobold, a frilled lizard (wandering) and a
rat.

Vanquished Creatures
  A bat (D:1)
  A jackal (D:1)
  A ball python (D:1)
3 creatures vanquished.

Notes
Turn   | Place    | Note
-------+----------+-------------------------------------------
     0 | D:1      | Gumption the Spriggan Enchanter began the quest for the
                  | Orb.
     0 | D:1      | Reached XP level 1. HP: 9/9 MP: 5/5
   236 | D:1      | Found a faded altar of an unknown god.
   299 | D:1      | Succumbed to a kobold's poison

Illustrated notes

Levels and vault maps discovered:
D:1:      lemuel_arrival_room, layout_rooms, chequers_ecumenical_altar_island

Action                   || total
-------------------------++-------
Melee: Dagger            ||    22
       Punch             ||     1
Armor: Robe              ||     7
Dodge: Dodged            ||    35
